| TOP OF THE 1ST |
|
Washington Nationals batting - Pitching for Philadelphia Phillies : RHP Matt Evans
|
|
Pitching: RHP Matt Evans
|
|
|
Batting: RHB Tommy Baird
|
0-0: Ball 1-0: Ball 2-0: Called Strike 2-1: Ball 3-1: Foul Ball, location: 2F 3-2: Base on Balls
|
|
Batting: RHB Dave Vargas
|
0-0: SINGLE (Line Drive, 89S, EV 108.1 MPH) Tommy Baird to second
|
|
Batting: LHB Seth Cook
|
0-0: Called Strike 0-1: Ball 1-1: Fly out, F8 (Flyball, 78D, EV 88.8 MPH)
|
|
Batting: RHB Kirk Arp
|
0-0: Called Strike 0-1: Ball 1-1: Called Strike 1-2: SINGLE (Groundball, 6D, EV 104.4 MPH) Tommy Baird to third Dave Vargas to second Runner from 3rd tries for Home, SAFE, throw by LF to home
|
|
Batting: LHB Kyung-jin Cho
|
0-0: Ball 1-0: Ball 2-0: Called Strike 2-1: Foul Ball, location: 2F 2-2: Strikes out swinging
|
|
Batting: RHB John Sanders
|
0-0: Ball 1-0: Foul Ball, location: 2F 1-1: Fielders Choice at 2nd, 5-4 (Groundball, 5, EV 88.8 MPH)
|
| Top of the 1st over - 1 run, 2 hits, 0 errors, 2 left on base; Washington 1 - Philadelphia 0 |
| BOTTOM OF THE 1ST |
|
Philadelphia Phillies batting - Pitching for Washington Nationals : RHP Travis Plesz
|
|
Pitching: RHP Travis Plesz
|
|
|
Batting: LHB Osamu Kubo
|
0-0: Ground out 4-3 (Groundball, 4, EV 85.6 MPH)
|
|
Batting: LHB Cody Schumacher
|
0-0: Called Strike 0-1: Fly out, F7 (Flyball, 78D, EV 103.8 MPH)
|
|
Batting: SHB Lance Franklin
|
0-0: Ground out 6-3 (Groundball, 6, EV 93.8 MPH)
|
| Bottom of the 1st over - 0 runs, 0 hits, 0 errors, 0 left on base; Washington 1 - Philadelphia 0 |
| TOP OF THE 2ND |
|
Washington Nationals batting - Pitching for Philadelphia Phillies : RHP Matt Evans
|
|
Batting: RHB Dan Fallon
|
0-0: Ball 1-0: Ball 2-0: SINGLE (Groundball, 34S, EV 73.8 MPH) (infield hit)
|
|
Batting: LHB Bob Melley
|
0-0: Ball 1-0: Foul Ball, location: 2F 1-1: Foul Ball, location: 2F 1-2: Ball 2-2: Fly out, F8 (Flyball, 8LD, EV 100.6 MPH)
|
|
Batting: RHB Darren McCarty Jr.
|
0-0: Called Strike 0-1: Swinging Strike 0-2: Ball 1-2: Strikes out swinging
|
|
Batting: RHB Tommy Baird
|
0-0: Swinging Strike 0-1: Foul Ball, location: 2F 0-2: Ball 1-2: Foul Ball, location: 2F 1-2: Fielders Choice at 2nd, 6-4 (Groundball, 6, EV 90.0 MPH)
|
| Top of the 2nd over - 0 runs, 1 hit, 0 errors, 1 left on base; Washington 1 - Philadelphia 0 |
| BOTTOM OF THE 2ND |
|
Philadelphia Phillies batting - Pitching for Washington Nationals : RHP Travis Plesz
|
|
Batting: RHB Chef Belew
|
0-0: Ball 1-0: Ball 2-0: Ball 3-0: Base on Balls
|
|
Batting: LHB Mike Davis
|
0-0: Swinging Strike 0-1: Ball 1-1: Called Strike 1-2: Strikes out swinging
|
|
Batting: RHB Josh Hensley
|
0-0: Called Strike 0-1: Called Strike 0-2: Foul Ball, location: 2F 0-2: Ball 1-2: Ball 2-2: Foul Ball, location: 2F 2-2: Foul Ball, location: 2F 2-2: SINGLE (Line Drive, 4D, EV 95.0 MPH) Chef Belew to second
|
|
Batting: LHB Ryan Trombley
|
0-0: Called Strike 0-1: Ball 1-1: Ball 2-1: Ball 3-1: Called Strike 3-2: Grounds into double play, 4-6-3 (Groundball, 4, EV 80.0 MPH)
|
| Bottom of the 2nd over - 0 runs, 1 hit, 0 errors, 1 left on base; Washington 1 - Philadelphia 0 |
| TOP OF THE 3RD |
|
Washington Nationals batting - Pitching for Philadelphia Phillies : RHP Matt Evans
|
|
Batting: RHB Dave Vargas
|
0-0: Called Strike 0-1: Ball 1-1: Foul Ball, location: 2F 1-2: Foul Ball, location: 2F 1-2: Strikes out swinging
|
|
Batting: LHB Seth Cook
|
0-0: Ball 1-0: Foul Ball, location: 2F 1-1: Ball 2-1: Ground out 6-3 (Groundball, 6, EV 96.9 MPH)
|
|
Batting: RHB Kirk Arp
|
0-0: Foul Ball, location: 2F 0-1: Called Strike 0-2: Foul Ball, location: 2F 0-2: Ball 1-2: Ball 2-2: Ball 3-2: Foul Ball, location: 2F 3-2: Foul Ball, location: 2F 3-2: SINGLE (Line Drive, 3D, EV 96.2 MPH)
|
|
Batting: LHB Kyung-jin Cho
|
0-0: Ball 1-0: Called Strike 1-1: Swinging Strike 1-2: Strikes out swinging
|
| Top of the 3rd over - 0 runs, 1 hit, 0 errors, 1 left on base; Washington 1 - Philadelphia 0 |
| BOTTOM OF THE 3RD |
|
Philadelphia Phillies batting - Pitching for Washington Nationals : RHP Travis Plesz
|
|
Batting: SHB Phuck II
|
0-0: Called Strike 0-1: Ball 1-1: Ball 2-1: Foul Ball, location: 2F 2-2: Ball 3-2: Strikes out swinging, 2-3 out at first.
|
|
Batting: LHB Jim Beaver
|
0-0: Ground out U3 (Groundball, 3S, EV 66.2 MPH)
|
|
Batting: LHB Osamu Kubo
|
0-0: Ball 1-0: Swinging Strike 1-1: Ball 2-1: Ball 3-1: Fly out, F6 (Line Drive, 6, EV 68.1 MPH)
|
| Bottom of the 3rd over - 0 runs, 0 hits, 0 errors, 0 left on base; Washington 1 - Philadelphia 0 |
| TOP OF THE 4TH |
|
Washington Nationals batting - Pitching for Philadelphia Phillies : RHP Matt Evans
|
|
Batting: RHB John Sanders
|
0-0: Called Strike 0-1: Called Strike 0-2: Strikes out looking
|
|
Batting: RHB Dan Fallon
|
0-0: Swinging Strike 0-1: Ball 1-1: Fly out, F8 (Flyball, 78M, EV 89.4 MPH)
|
|
Batting: LHB Bob Melley
|
0-0: Ball 1-0: Called Strike 1-1: Foul Ball, location: 2F 1-2: Strikes out swinging
|
| Top of the 4th over - 0 runs, 0 hits, 0 errors, 0 left on base; Washington 1 - Philadelphia 0 |
| BOTTOM OF THE 4TH |
|
Philadelphia Phillies batting - Pitching for Washington Nationals : RHP Travis Plesz
|
|
Batting: LHB Cody Schumacher
|
0-0: Called Strike 0-1: Called Strike 0-2: Strikes out looking
|
|
Batting: SHB Lance Franklin
|
0-0: Foul Ball, location: 2F 0-1: Swinging Strike 0-2: Ball 1-2: Ball 2-2: Ball 3-2: Fly out, F8 (Line Drive, 8LM, EV 88.8 MPH)
|
|
Batting: RHB Chef Belew
|
0-0: Called Strike 0-1: Foul Ball, location: 2F 0-2: Fly out, F8 (Flyball, 8LXD, EV 95.6 MPH)
|
| Bottom of the 4th over - 0 runs, 0 hits, 0 errors, 0 left on base; Washington 1 - Philadelphia 0 |
| TOP OF THE 5TH |
|
Washington Nationals batting - Pitching for Philadelphia Phillies : RHP Matt Evans
|
|
Batting: RHB Darren McCarty Jr.
|
0-0: Fly out, F8 (Flyball, 8RM, EV 88.8 MPH)
|
|
Batting: RHB Tommy Baird
|
0-0: Ball 1-0: Ball 2-0: Foul Ball, location: 2F 2-1: Foul Ball, location: 2F 2-2: Foul Ball, location: 2F 2-2: Foul Ball, location: 2F 2-2: Ground out 1-3 (Groundball, 13S, EV 70.0 MPH)
|
|
Batting: RHB Dave Vargas
|
0-0: Called Strike 0-1: Ground out 4-3 (Groundball, 4M, EV 90.6 MPH)
|
| Top of the 5th over - 0 runs, 0 hits, 0 errors, 0 left on base; Washington 1 - Philadelphia 0 |
| BOTTOM OF THE 5TH |
|
Philadelphia Phillies batting - Pitching for Washington Nationals : RHP Travis Plesz
|
|
Batting: LHB Mike Davis
|
0-0: Ball 1-0: Foul Ball, location: 2F 1-1: Ground out 3-1 (Groundball, 34, EV 101.9 MPH)
|
|
Batting: RHB Josh Hensley
|
0-0: Ball 1-0: Ball 2-0: Ground out 6-3 (Groundball, 15, EV 88.8 MPH)
|
|
Batting: LHB Ryan Trombley
|
0-0: Ball 1-0: Ball 2-0: Swinging Strike 2-1: Ball 3-1: Called Strike 3-2: Foul Ball, location: 2F 3-2: Strikes out swinging
|
| Bottom of the 5th over - 0 runs, 0 hits, 0 errors, 0 left on base; Washington 1 - Philadelphia 0 |
| TOP OF THE 6TH |
|
Washington Nationals batting - Pitching for Philadelphia Phillies : RHP Matt Evans
|
|
Batting: LHB Seth Cook
|
0-0: Ball 1-0: Called Strike 1-1: Ball 2-1: Ball 3-1: Foul Ball, location: 2F 3-2: DOUBLE (Line Drive, 7LM, EV 110.0 MPH)
|
|
Batting: RHB Kirk Arp
|
0-0: Ground out 2-3 (Groundball, 13S, EV 69.4 MPH) Seth Cook to third
|
|
Batting: LHB Kyung-jin Cho
|
0-0: Called Strike 0-1: Called Strike 0-2: Strikes out swinging
|
|
Batting: RHB John Sanders
|
0-0: Swinging Strike 0-1: Foul Ball, location: 2F 0-2: Strikes out looking
|
| Top of the 6th over - 0 runs, 1 hit, 0 errors, 1 left on base; Washington 1 - Philadelphia 0 |
| BOTTOM OF THE 6TH |
|
Philadelphia Phillies batting - Pitching for Washington Nationals : RHP Travis Plesz
|
|
Batting: SHB Phuck II
|
0-0: Swinging Strike 0-1: Ball 1-1: Foul Ball, location: 2F 1-2: Ground out 2-3 (Groundball, 15S, EV 61.2 MPH)
|
|
Batting: LHB Jim Beaver
|
0-0: Called Strike 0-1: Ball 1-1: Swinging Strike 1-2: Ball 2-2: Ball 3-2: Foul Ball, location: 2F 3-2: Foul Ball, location: 2F 3-2: Foul Ball, location: 2F 3-2: Fly out, F9 (Flyball, 9D, EV 91.9 MPH)
|
|
Batting: LHB Osamu Kubo
|
0-0: Ground out 6-3 (Groundball, P, EV 83.1 MPH)
|
| Bottom of the 6th over - 0 runs, 0 hits, 0 errors, 0 left on base; Washington 1 - Philadelphia 0 |
| TOP OF THE 7TH |
|
Washington Nationals batting - Pitching for Philadelphia Phillies : RHP Matt Evans
|
|
Batting: RHB Dan Fallon
|
0-0: Ground out 1-3 (Groundball, 15S, EV 65.6 MPH)
|
|
Batting: LHB Bob Melley
|
0-0: Ball 1-0: Foul Ball, location: 2F 1-1: Swinging Strike 1-2: Ball 2-2: Ball 3-2: Strikes out swinging
|
|
Batting: RHB Darren McCarty Jr.
|
0-0: Ball 1-0: Foul Ball, location: 2F 1-1: Ball 2-1: Ball 3-1: Swinging Strike 3-2: Strikes out swinging, 2-3 out at first.
|
| Top of the 7th over - 0 runs, 0 hits, 0 errors, 0 left on base; Washington 1 - Philadelphia 0 |
| BOTTOM OF THE 7TH |
|
Philadelphia Phillies batting - Pitching for Washington Nationals : RHP Travis Plesz
|
|
Batting: LHB Cody Schumacher
|
0-0: Called Strike 0-1: Ball 1-1: Foul Ball, location: 2F 1-2: Ground out 1-3 (Groundball, P, EV 68.1 MPH)
|
|
Batting: SHB Lance Franklin
|
0-0: Ball 1-0: TRIPLE (Flyball, 8RXD, EV 101.2 MPH)
|
|
Batting: RHB Chef Belew
|
0-0: Ball 1-0: DOUBLE (Line Drive, 78XD, EV 103.8 MPH) Lance Franklin scores
|
|
Batting: LHB Mike Davis
|
0-0: Intentional Walk
|
|
Pitching: RHP Caleb Westbay
|
|
|
Batting: RHB Josh Hensley
|
0-0: Foul Ball, location: 2F 0-1: Foul Ball, location: 2F 0-2: Strikes out looking
|
|
Batting: LHB Ryan Trombley
|
0-0: Ball 1-0: Swinging Strike 1-1: Called Strike 1-2: Strikes out swinging
|
| Bottom of the 7th over - 1 run, 2 hits, 0 errors, 2 left on base; Washington 1 - Philadelphia 1 |
| TOP OF THE 8TH |
|
Washington Nationals batting - Pitching for Philadelphia Phillies : RHP Matt Evans
|
|
Pitching: RHP Marcos Tapia
|
|
|
Batting: RHB Tommy Baird
|
0-0: Called Strike 0-1: Foul Ball, location: 2F 0-2: Strikes out swinging
|
|
Batting: LHB Emmanuel Gaskin
|
0-0: Ball 1-0: Called Strike 1-1: SINGLE (Line Drive, 89M, EV 95.0 MPH)
|
|
Batting: LHB Seth Cook
|
0-0: Ball Emmanuel Gaskin is caught stealing 2nd base 2-6 1-0: Ground out 4-3 (Groundball, 4, EV 81.9 MPH)
|
| Top of the 8th over - 0 runs, 1 hit, 0 errors, 0 left on base; Washington 1 - Philadelphia 1 |
| BOTTOM OF THE 8TH |
|
Philadelphia Phillies batting - Pitching for Washington Nationals : RHP Caleb Westbay
|
|
Batting: SHB Phuck II
|
0-0: Ground out 6-3 (Groundball, 6, EV 83.8 MPH)
|
|
Batting: LHB Jim Beaver
|
0-0: Called Strike 0-1: Foul Ball, location: 2F 0-2: Strikes out swinging
|
|
Batting: LHB Osamu Kubo
|
0-0: Ball 1-0: SINGLE (Groundball, 4MD, EV 99.4 MPH)
|
|
Batting: LHB Cody Schumacher
|
0-0: Foul Ball, location: 2F 0-1: Ball 1-1: Called Strike Osamu Kubo steals 2nd base (no throw) 1-2: Fly out, F9 (Flyball, 89S, EV 76.9 MPH)
|
| Bottom of the 8th over - 0 runs, 1 hit, 0 errors, 1 left on base; Washington 1 - Philadelphia 1 |
| TOP OF THE 9TH |
|
Washington Nationals batting - Pitching for Philadelphia Phillies : RHP Marcos Tapia
|
|
Batting: RHB Kirk Arp
|
0-0: Called Strike 0-1: Called Strike 0-2: SINGLE (Groundball, 4D, EV 108.1 MPH)
|
|
Batting: LHB Kyung-jin Cho
|
0-0: Called Strike 0-1: SINGLE (Line Drive, 7LS, EV 96.2 MPH) Kirk Arp to second
|
|
Batting: RHB John Sanders
|
0-0: Sac Bunt to 15 - play at first, batter OUT! 1-4 Kirk Arp to third Kyung-jin Cho to second
|
|
Batting: RHB Dan Fallon
|
0-0: Called Strike 0-1: Ball 1-1: Foul Ball, location: 2F 1-2: Foul Ball, location: 2F 1-2: Fly out, F3 (Line Drive, 3L, EV 70.0 MPH) Lined into DP, 3-5 (Line Drive, 3L, EV 67.5 MPH)
|
| Top of the 9th over - 0 runs, 2 hits, 0 errors, 1 left on base; Washington 1 - Philadelphia 1 |
| BOTTOM OF THE 9TH |
|
Philadelphia Phillies batting - Pitching for Washington Nationals : RHP Caleb Westbay
|
|
Pitching: RHP George Kellum
|
|
|
Batting: SHB Lance Franklin
|
0-0: Ball 1-0: Ball 2-0: Ball 3-0: Base on Balls
|
|
Batting: RHB Chef Belew
|
0-0: Foul Ball, location: 2F 0-1: Ball 1-1: Swinging Strike 1-2: Grounds into double play, 4-6-3 (Groundball, 4, EV 82.5 MPH)
|
|
Batting: LHB Mike Davis
|
0-0: Called Strike 0-1: Called Strike 0-2: Ball 1-2: Strikes out swinging
|
| Bottom of the 9th over - 0 runs, 0 hits, 0 errors, 0 left on base; Washington 1 - Philadelphia 1 |
| TOP OF THE 10TH |
|
Washington Nationals batting - Pitching for Philadelphia Phillies : RHP Marcos Tapia
|
|
Pitching: RHP Omar Orosco
|
|
|
Batting: LHB Bob Melley
|
0-0: Called Strike 0-1: DOUBLE (Groundball, 3L, EV 110.0 MPH)
|
|
Pinch Hitting: LHB Griffin Ferris
|
0-0: Ball 1-0: Ground out 6-3 (Groundball, 6, EV 107.5 MPH)
|
|
Batting: RHB Tommy Baird
|
0-0: Foul Ball, location: 2F 0-1: SINGLE (Groundball, 56D, EV 104.4 MPH) Bob Melley to third Runner from 3rd tries for Home, SAFE, throw by LF to home Tommy Baird to second
|
|
Batting: LHB Emmanuel Gaskin
|
0-0: Called Strike 0-1: Swinging Strike 0-2: Strikes out swinging
|
|
Batting: LHB Seth Cook
|
0-0: Ball 1-0: Foul Ball, location: 2F 1-1: Called Strike 1-2: Strikes out swinging
|
| Top of the 10th over - 1 run, 2 hits, 0 errors, 1 left on base; Washington 2 - Philadelphia 1 |
| BOTTOM OF THE 10TH |
|
Philadelphia Phillies batting - Pitching for Washington Nationals : RHP George Kellum
|
|
Pitching: RHP David Sly
|
|
|
Now at SS: Eric Wiss
|
|
|
Pinch Hitting: LHB Brad Turner
|
0-0: Ball 1-0: Ball 2-0: Swinging Strike 2-1: Foul Ball, location: 2F 2-2: Ground out 4-3 (Groundball, 4, EV 85.6 MPH)
|
|
Batting: LHB Ryan Trombley
|
0-0: Called Strike 0-1: Called Strike 0-2: Strikes out swinging
|
|
Batting: SHB Phuck II
|
0-0: Swinging Strike 0-1: Ball 1-1: Ball 2-1: SINGLE (Groundball, 56D, EV 112.5 MPH)
|
|
Batting: LHB Jim Beaver
|
0-0: Ball 1-0: Ball Passed Ball! Phuck II to second 2-0: Ball 3-0: Base on Balls
|
|
Batting: LHB Osamu Kubo
|
0-0: Called Strike 0-1: Ball 1-1: Ground out 4-3 (Groundball, 4, EV 84.4 MPH)
|
| Bottom of the 10th over - 0 runs, 1 hit, 0 errors, 2 left on base; Washington 2 - Philadelphia 1 |
|